 Dungeon Crawl Stone Soup version 0.31.0-32-g396128a36d (webtiles) character file.

Game seed: 5506700514118109506

80 Alphaeus the Ruffian (level 4, 41/41 HPs)
             Began as a Troll Shapeshifter on Mar 20, 2024.
             Quit the game on level 3 of the Dungeon.
             The game lasted 00:01:46 (2071 turns).

Alphaeus the Ruffian (Troll Shapeshifter)           Turns: 2071, Time: 00:01:46

Health: 41/41      AC:  4    Str: 24    XL:     4   Next: 18%
Magic:  3/3        EV:  9    Int:  6    God:
Gold:   110        SH:  0    Dex:  9    Spells: 3/3 levels left

rFire   . .          .
                       - Unarmed
rCold   . . .        (no shield)
rNeg    . . .        a - +0 animal skin
rPois   .            (helmet currently unavailable)
rElec   .            (cloak currently unavailable)
rCorr   .            (gloves unavailable)
SInv    .            (boots unavailable)
Will    .....        (no amulet)
Stlth   +            (no ring)
HPRegen 1.06/turn    (no ring)
MPRegen 0.08/turn

%: no passive effects
@: beast-form
A: beast (slay +2), large, unfitting armour, claws 3, regeneration 1, shaggy fur
1, tough skin 1
a: Begin Untransformation


You were on level 3 of the Dungeon.
You were a hulking beast.
You visited 1 branch of the dungeon, and saw 3 of its levels.

You collected 110 gold pieces.

Inventory:

Armour
 a - a +0 animal skin (worn)
 q - a +0 cloak
Jewellery
 i - an amulet of the acrobat
 t - a +4 ring of protection
Talismans
 c - a beast talisman
 d - a flux talisman
Scrolls
 e - 2 scrolls of identify {unknown}
 f - 2 scrolls of torment {unknown}
 g - a scroll of enchant weapon {unknown}
 h - a scroll of teleportation {unknown}
 j - a scroll of acquirement {unknown}
 l - a scroll of immolation {unknown}
 m - a scroll of revelation {unknown}
 n - 2 scrolls of fear {unknown}
 p - 2 scrolls of poison {unknown}
 r - a scroll of vulnerability {unknown}
 s - a scroll of amnesia {unknown}
Potions
 b - a potion of lignification
 k - 4 potions of might {unknown}
 o - a potion of curing {unknown}
 u - a potion of mutation {unknown}
 v - a potion of cancellation {unknown}


   Skills:
 + Level 1.5 Fighting
 - Level 1.5 Dodging
 * Level 3.9 Unarmed Combat
 * Level 3.8 Shapeshifting


You had 3 spell levels left.
You didn't know any spells.
Your spell library was empty.

Dungeon Overview and Level Annotations

Branches:
Dungeon (3/15)

Altars:


Innate Abilities, Weirdness & Mutations

You are a hulking beast.
Your limbs bulge with bestial killing power. (Slay +2)
You are too large for most types of armour.
You have claws for hands.
Your natural rate of healing is unusually fast.
You are covered in fur. (AC +1)
You have tough skin. (AC +1)


Message History

You kill the rat!
No target in view!
No target in view!
No target in view!
No target in view!
No target in view!
No target in view!
No target in view!
No target in view!
Found 7 stones.
You see here 7 stones.
You see here 7 stones.
You see here a +0 chain mail.
A frilled lizard comes into view.
The frilled lizard hisses angrily.
The frilled lizard bites you but does no damage.
You closely miss the frilled lizard.
The frilled lizard bites you but does no damage.
You claw the frilled lizard!
You kill the frilled lizard!
No target in view!
No target in view!
No target in view!
No target in view!
No target in view!
No target in view!
No target in view!
You see here a frilled lizard corpse.
Done exploring.
No target in view!
No target in view!
No target in view!
No target in view!
No target in view!
No target in view!
No target in view!
Done exploring.
Done exploring.
No target in view!
Are you sure you want to abandon this character and quit the game? (Confirm with "yes".)

#.......##..# #.#
#........#..# #.#
#.......##..####### #.#
#######............^....#
###.#
...............#..#####.#
#...# ......#...........#
#.# #.###
#####.#........##.# #.#
#.# #.#.#.....###.# #.#
#.# #.#.......†.h.#####.#
#.##
#.<.....#######.....#
#..# ######### #.#####
##.# ####### #.# #.#
......# #.### #.# #####.#
#...# #.# #.# #...# #.#
#.# #...# #.# #.# ##.##
#.#


There were no monsters in sight!

Vanquished Creatures
  Jessica (D:2)
  A dart slug (D:2)
  4 ball pythons
  A bat (D:1)
  7 endoplasms
  4 giant cockroaches
  6 goblins
  6 hobgoblins
  A quokka (D:1)
  3 frilled lizards
  6 kobolds
  8 rats
48 creatures vanquished.

Notes
Turn   | Place    | Note
-------+----------+-------------------------------------------
     0 | D:1      | Alphaeus the Troll Shapeshifter began the quest for the
                  | Orb.
     0 | D:1      | Reached XP level 1. HP: 18/18 MP: 0/0
   100 | D:1      | Reached skill level 1 in Fighting
   101 | D:1      | Reached XP level 2. HP: 27/27 MP: 1/1
   855 | D:1      | Reached XP level 3. HP: 33/33 MP: 2/2
  1090 | D:2      | Identified the +8 mace "Murmur" {drain, rElec rPois rN+
                  | Stlth+}
  1095 | D:2      | Noticed Jessica
  1100 | D:2      | Killed Jessica
  1406 | D:2      | Reached XP level 4. HP: 40/41 MP: 3/3
  2071 | D:3      | Quit the game

Illustrated notes

Levels and vault maps discovered:
D:1:      psy_arrival_radial02, layout_basic, minmay_indecisive_spiral
D:2:      layout_basic, uniq_jessica
D:3:      layout_loops_ring

Skill      XL: |  1 |
---------------+----+-----
Fighting       | 1 |  1.5
Dodging        | |  1.5
Unarmed Combat | |  3.9
Shapeshifting  | |  3.8

Action                     |  1- 3 |  4- 6 || total
---------------------------+-------+-------++-------
  Melee: Unarmed           |    61 |    27 ||    88
 Armour: Animal skin       |    32 |    14 ||    46
  Dodge: Dodged            |    16 |     5 ||    21
